 Dungeon Crawl Stone Soup version 0.19.5 (webtiles) character file.

37 Jerry the Grave Robber (level 3, -2/24 HPs)
             Began as a Mummy Necromancer on Apr 11, 2017.
             Slain by an adder (4 damage)
             ... on level 2 of the Dungeon.
             The game lasted 00:04:32 (1453 turns).

Jerry the Grave Robber (Mummy Necromancer)          Turns: 1453, Time: 00:04:33

Health: -2/24      AC:  2    Str: 11    XL:     3   Next: 23%
Magic:  1/6        EV: 12    Int: 15    God:
Gold:   61         SH:  0    Dex: 12    Spells: 3 memorised, 1 level left

rFire  x . .     SeeInvis .     k - +0 spear
rCold  + . .     Gourm    .     a - +0 robe
rNeg   + + +     Faith    .     (no shield)
rPois  ∞         Spirit   .     (no helmet)
rElec  .         Reflect  .     (no cloak)
rCorr  .         Harm     .     (no gloves)
MR     .....                    (no boots)
Stlth  ++........               (no amulet)
                                (no ring)
                                (no ring)

@: no status effects
A: no food or potions, fire vulnerability, cold resistance 1, negative energy
resistance 3, torment resistance, unbreathing
a: no special abilities


You were on level 2 of the Dungeon.
You were not hungry.

You visited 1 branch of the dungeon, and saw 2 of its levels.

You collected 61 gold pieces.

Inventory:

Hand Weapons
 k - a +0 spear (weapon)
Missiles
 j - 16 poisoned needles
Armour
 a - a +0 robe (worn)
Scrolls
 e - a scroll of identify {unknown}
 f - a scroll of amnesia {unknown}
 g - a scroll of teleportation {unknown}
 h - a scroll of enchant armour {unknown}
 i - a scroll of random uselessness {unknown}
Books
 b - a book of Necromancy

   Spells                             Type                      Level
   a - Pain                           Necromancy                   1
   b - Animate Skeleton               Necromancy                   1
   c - Vampiric Draining              Necromancy                   3
   d - Regeneration                   Charms/Necromancy            3
   e - Animate Dead                   Necromancy                   4
   f - Control Undead                 Necromancy                   4


   Skills:
 - Level 1.5 Dodging
 + Level 2.2 Stealth
 + Level 2.3 Spellcasting
 + Level 4.5 Necromancy


You had one spell level left.
You knew the following spells:

 Your Spells              Type           Power        Failure   Level  Hunger
a - Pain                  Necr           ###.         3%          1    N/A
b - Animate Skeleton      Necr           N/A          3%          1    N/A
c - Vampiric Draining     Necr           ###.......   12%         3    N/A

Dungeon Overview and Level Annotations

Branches:
Dungeon (2/15)

Altars:


Innate Abilities, Weirdness & Mutations

You do not eat or drink.
Your flesh is vulnerable to fire.
You are immune to poison.
Your flesh is cold resistant. (rC+)
You are immune to negative energy. (rN+++)
You are immune to unholy pain and torment.
You can survive without breathing.


Message History

You hit the adder.
The adder is severely wounded.
The adder barely misses you. The adder bites you. x2
The adder barely misses you.
You barely miss the adder.
The adder is severely wounded.
The adder completely misses you. The adder bites you.
* * * LOW HITPOINT WARNING * * *
As you read the scroll labeled GUCIYD CUEDONUTO, it crumbles to dust.
It is a scroll of recharging.
You aren't carrying any rechargeable items.
The adder closely misses you. x2
As you read the scroll labeled JEVARRO FYPSYTZ, it crumbles to dust.
You hear a loud clanging noise!
It was a scroll of noise.
You hear a shout! x2; You hear an angry hiss.
The adder barely misses you. The adder bites you.
* * * LOW HITPOINT WARNING * * *
The adder bites you.
You die...

..#.⌠.⌠.#.#
#.........#
#.#.....#.#
#.........####.
.?..%........!.
#...# #.gl# #
#....#S## ..
###.####@S##..#
###.. #........#
#...# #..........
#...# #........##
#...# #.........#
#..†####.........#
#...##...#....##..
###.#.........# ##
#...#........#


You could see 2 adders, a leopard gecko and a hobgoblin.

Vanquished Creatures
  A dart slug (D:1)
  2 leopard geckos
  5 bats
  A giant cockroach (D:1)
  6 goblins
  5 hobgoblins
  3 frilled lizards (D:1)
  4 kobolds
  6 rats
33 creatures vanquished.

Notes
Turn   | Place    | Note
-------+----------+-------------------------------------------
     0 | D:1      | Jerry the Mummy Necromancer began the quest for the Orb.
     0 | D:1      | Reached XP level 1. HP: 13/13 MP: 3/3
   502 | D:1      | Reached XP level 2. HP: 19/19 MP: 1/5
  1309 | D:1      | Reached XP level 3. HP: 24/24 MP: 4/6
  1357 | D:2      | Learned a level 1 spell: Animate Skeleton
  1361 | D:2      | Learned a level 3 spell: Vampiric Draining
  1453 | D:2      | Slain by an adder

Skill      XL: |  1  2 |
---------------+-------+-----
Stealth        | 2 |  2.2
Dodging        | |  1.5
Spellcasting   | |  2.3
Necromancy     | |  4.5

Action                   || total
-------------------------++-------
Melee: Club              ||    13
       Unarmed           ||     3
       Spear             ||    19
 Cast: Pain              ||    40
       Vampiric Draining ||     1
  Use: Scroll            ||     2
 Stab: Sleeping          ||     3
Armor: Robe              ||     8
Dodge: Dodged            ||    35
